 Dungeon Crawl Stone Soup version 0.17-a0-1716-gdf19ebb (console) character file.

138 Monkaria the Ducker (level 5, 0/36 HPs)
             Began as a Felid Berserker on Aug 24, 2015.
             Was a Priest of Trog.
             Slain by an orc (5 damage)
             ... on level 3 of the Dungeon.
             The game lasted 00:02:27 (2521 turns).

Monkaria the Ducker (Felid Berserker)               Turns: 2521, Time: 00:02:27

Health: 0/36       AC:  1    Str: 19    XL:     5   Next: 1%
Magic:  6/6        EV: 22    Int:  9    God:    Trog [***...]
Gold:   173        SH:  0    Dex: 15    Spells: 0 memorised, 4 levels left
                                        Lives:  0   Deaths: 1

rFire  . . .     SeeInvis +       - Unarmed
rCold  . . .     Clarity  .     (armour unavailable)
rNeg   . . .     SustAt   .     (shield unavailable)
rPois  .         Gourm    .     (helmet unavailable)
rElec  .         Spirit   .     (cloak unavailable)
rCorr  .         Warding  .     (gloves unavailable)
rMut   .         Stasis   .     (boots unavailable)
MR     .....                    (no amulet)
Stlth  ..........               (no ring)
                                (no ring)

@: berserking, very quick, not resistant to hostile enchantments, extremely
unstealthy
A: no armour, no weapons or thrown items, claws 1, fangs 3, see invisible,
carnivore 3, speed 1, shaggy fur 1, slow metabolism 1, sharp paws
a: Burn Spellbooks, Berserk, Trog's Hand, Renounce Religion


You were on level 3 of the Dungeon.
You worshipped Trog.
Trog was most pleased with you.
You were not hungry.

You visited 1 branch of the dungeon, and saw 3 of its levels.

You collected 173 gold pieces.

Inventory:

Magical devices
 j - a wand of flame (18)
Scrolls
 b - a scroll of fear {unknown}
 c - a scroll of magic mapping {unknown}
 h - a scroll of teleportation {unknown}
 i - a scroll of recharging {unknown}
 k - a scroll of remove curse {unknown}
 l - a scroll of identify {unknown}
Potions
 d - a potion of cure mutation {unknown}
 e - 2 potions of curing {unknown}
 f - a potion of brilliance {unknown}
 g - a potion of mutation {unknown}
Comestibles
 a - a meat ration
 m - a slice of pizza


   Skills:
 - Level 3.0 Fighting
 * Level 7.7 Dodging
 - Level 4.1 Unarmed Combat


You had 4 spell levels left.
You didn't know any spells.

Dungeon Overview and Level Annotations

Branches:
Dungeon (3/15)

Altars:
Nemelex Xobeh

Annotations:
D:3 Tyryt0's ghost, average HuFi


Innate Abilities, Weirdness & Mutations

You cannot wear armour.
You are incapable of wielding weapons or throwing items.
You have sharp claws.
You have razor-sharp teeth.
You have supernaturally acute eyesight.
You are carnivorous and can eat meat at any time.
You cover ground quickly.
You are covered in fur (AC +1).
You have a slow metabolism.
Your sharp claws are effective at attacking unaware monsters.


Message History

The orc priest is heavily wounded.
The orc misses you. The orc closely misses you. The orc misses you.
You claw the orc priest!
You kill the orc priest!
Trog accepts your kill. The orc barely misses you.
The orc completely misses you. x2
Things that are here:
a flail; a leather armour; an orc corpse Unknown command.
You claw the orc!
You kill the orc!
Trog accepts your kill.
Welcome back to level 5!
The orc completely misses you.
You see here a leather armour.
You are too injured to fight recklessly!
You barely miss the orc. Your bite misses the orc. The orc misses you.
The orc hits you.
You die...

...... #....###........).# ......
#.....##..........(# .....#
#................(.[...... ....#
#...##...............o.....
#..##..........#.................
........#.##........#...>...
........................
....##........####...... .#
##@o.!...# ...... .# .# #)o.....#
.##. #.......# ... # ..##.####
..# #.. ##.# .# ..#... #.. .#
....# ... (. .# ... . .# #...


You could see 2 orcs.

Vanquished Creatures
  An orc priest (D:3)
  A centaur skeleton (D:3)
  An orc wizard (D:3)
  5 adders (D:3)
  An ooze (D:3)
  2 worms (D:2)
  A giant gecko (D:3)
  9 orcs (D:3)
  3 ball pythons
  5 giant cockroaches
  7 goblins
  5 hobgoblins
  3 jackals (D:2)
  9 kobolds
  2 quokkas
  9 bats
  A giant newt (D:1)
  10 rats
  2 fungi (D:1)
77 creatures vanquished.

Vanquished Creatures (others)
  A fungus (D:1)
1 creature vanquished.

Grand Total: 78 creatures vanquished

Notes
Turn   | Place    | Note
--------------------------------------------------------------
     0 | D:1      | Monkaria the Felid Berserker began the quest for the Orb.
     0 | D:1      | Reached XP level 1. HP: 10/10 MP: 2/2
   432 | D:1      | Reached XP level 2. HP: 11/14 MP: 3/3
   969 | D:2      | Acquired Trog's second power
   969 | D:2      | Reached XP level 3. HP: 9/17 MP: 4/4
  2042 | D:3      | Reached skill level 5 in Dodging
  2128 | D:3      | Reached XP level 4. HP: 21/21 MP: 5/5
  2134 | D:3      | Reached skill level 6 in Dodging
  2405 | D:3      | Reached XP level 5. HP: 16/24 MP: 6/6
  2411 | D:3      | Found a sparkling altar of Nemelex Xobeh.
  2466 | D:3      | Reached skill level 7 in Dodging
  2466 | D:3      | HP: 1/36 [orc/war axe of chopping (1)]
  2466 | D:3      | Slain by an orc
  2467 | D:3      | Reached XP level 4. HP: 0/31 MP: 5/5
  2476 | D:3      | Noticed Tyryt0's ghost (average HuFi)
  2519 | D:3      | Reached XP level 5. HP: 5/24 MP: 6/6
  2521 | D:3      | Slain by an orc

Vault maps used:
D:1:      eino_arrival_druids_welcome, corexii_leaking_fountain,
          minmay_gold_behind_fungi, serial_park_tiny_1
D:2:      minmay_distorted
D:3:      nemelex_deck

Action                   |  1- 3 |  4- 6 || total
-------------------------+-------+-------++-------
Melee: Unarmed           |   162 |    77 ||   239
Invok: Berserk           |     1 |     3 ||     4
       Trog's Hand       |     1 |       ||     1
 Stab: Sleeping          |     7 |     1 ||     8
  Eat: Chunk             |    11 |     2 ||    13
